 Dungeon Crawl Stone Soup version 0.31-a0-889-g1a8549509d (webtiles) character file.

Game seed: 7381351135555367789

414 Error4North the Ruffian (level 6, -6/50 HPs)
             Began as a Draconian Shapeshifter on Oct 16, 2023.
             Mangled by Pikel
             ... wielding a +1 whip of flaming
              (7 damage)
             ... on level 4 of the Dungeon.
             The game lasted 00:17:38 (4036 turns).

Error4North the Ruffian (Draconian Shapeshifter)    Turns: 4036, Time: 00:17:42

Health: -6/50      AC:  6    Str: 21    XL:     6   Next: 60%
Magic:  6/6        EV: 12    Int:  9    God:
Gold:   243        SH:  0    Dex: 11    Spells: 5/6 levels left

rFire   . .          .
                       - Unarmed
rCold   . . .        (no shield)
rNeg    . . .        (body armour unavailable)
rPois   .            (helmet currently unavailable)
rElec   .            (cloak currently unavailable)
rCorr   .            (gloves currently unavailable)
SInv    .            (boots currently unavailable)
Will    .....        (no amulet)
Stlth   ++           (no ring)
HPRegen 0.28/turn    (no ring)
MPRegen 0.10/turn

%: no passive effects
@: mighty, beast-form
A: beast (slay +2), AC +6, unfitting armour, cold-blooded, strong 1, wild magic
1
a: Begin Untransformation


You were on level 4 of the Dungeon.
You were a hulking beast.
You visited 1 branch of the dungeon, and saw 4 of its levels.

You collected 243 gold pieces.

Inventory:

Jewellery
 i - a ring of positive energy
Talismans
 b - a beast talisman (active)
 c - a flux talisman
Scrolls
 d - a scroll of revelation {unknown}
 e - a scroll of fear {unknown}
 f - a scroll of immolation {unknown}
 g - 4 scrolls of teleportation {unknown}
 h - a scroll of identify {unknown}
 o - a scroll of noise {unknown}
Potions
 a - 2 potions of lignification


   Skills:
 * Level 2.9 Fighting
 * Level 3.2 Dodging
 + Level 1.4 Stealth
 + Level 4.8 Unarmed Combat
 + Level 0.5 Spellcasting
 + Level 0.3 Earth Magic
 * Level 4.2 Shapeshifting


You had 5 spell levels left.
You knew the following spells:

 Your Spells              Type           Power      Damage    Failure   Level
a - Sandblast             Erth           2%         2d4       43%         1

Your spell library contained the following spells:

 Spells                   Type           Power      Damage    Failure   Level
 Passwall                 Tmut/Erth      0%         N/A       58%         2
 Sublimation of Blood     Necr           0%         N/A       61%         2
 Wereblood                Tmut           0%         N/A       61%         2
 Stone Arrow              Conj/Erth      0%         3d7       80%         3
 Inner Flame              Hex/Fire       0%         N/A       82%         3
 Brom's Barrelling Bould  Conj/Erth      0%         2d3       99%         4
 Yara's Violent Unravell  Hex/Tmut       0%         3d3       100%        5
 Enfeeble                 Hex            0%         N/A       100%        7
 Summon Hydra             Summ           0%         N/A       100%        7


Dungeon Overview and Level Annotations

Branches:
Dungeon (4/15)
 Temple: D:4-7

Altars:
Ashenzari
Dithmenos
Fedhas
Okawaru
Ru

Annotations:
D:4 Pikel


Innate Abilities, Weirdness & Mutations

You are a hulking beast.
Your limbs bulge with bestial killing power. (Slay +2)
Your plain brown scales are hard. (AC +6)
You cannot fit into any form of body armour.
You are cold-blooded and may be slowed by cold attacks.
Your muscles are strong. (Str +4, Int/Dex -1)
Your spells are a little harder to cast, but a little more powerful.


Message History

* * * LOW HITPOINT WARNING * * *
You closely miss Pikel.
Pikel is severely wounded.
Pikel closely misses you.
You punch Pikel!
Pikel is almost dead.
Pikel barely misses you.
It was a potion of mutation.
You feel extremely strange.
You feel less in control of your magic.
You feel stronger.
Pikel hits you with a +1 whip of flaming.
* * * LOW HITPOINT WARNING * * *
Pikel burns you.
* * * LOW HITPOINT WARNING * * *
You barely miss Pikel.
Pikel is almost dead.
Pikel hits you with a +1 whip of flaming.
* * * LOW HITPOINT WARNING * * *
Pikel burns you.
* * * LOW HITPOINT WARNING * * *
You feel better.
Pikel hits you with a +1 whip of flaming.
* * * LOW HITPOINT WARNING * * *
Pikel burns you.
* * * LOW HITPOINT WARNING * * *
You completely miss Pikel.
Pikel is almost dead.
Pikel completely misses you.
You barely miss Pikel.
Your tail-slap misses Pikel.
Pikel is almost dead.
Pikel hits you with a +1 whip of flaming.
* * * LOW HITPOINT WARNING * * *
Pikel burns you.
* * * LOW HITPOINT WARNING * * *
You barely miss Pikel.
The lemure shouts!
Your tail-slap misses Pikel.
Pikel is almost dead.
Pikel hits you with a +1 whip of flaming!
You die...
Pikel says, "See you in Hell!"

..# ##.........###.........
...#####........#
##........
................# ##.....##
..5.............## #....##
.................# ##...#
.........##......####....##
........####.......#......#
#..###.###....##....##
##.5Kh.# #..#######..#
##†###.# ##.## ###. #.##
#.# ##.# ## ### #.# ### ##
#.# #. ### ##


You could see Pikel and a lemure.

Vanquished Creatures
  A black bear (D:4)
  2 lemures (D:4)
  A scorpion (D:4)
  An orc priest (D:4)
  A hound (D:4)
  2 iguanas (D:4)
  An orc wizard (D:3)
  7 adders
  2 worms
  A dart slug (D:1)
  4 orcs
  8 bats
  3 endoplasms
  2 giant cockroaches
  A goblin (D:3)
  5 hobgoblins
  6 jackals
  5 kobolds
  3 quokkas
  6 ball pythons
  7 frilled lizards
  12 rats
81 creatures vanquished.

Notes
Turn   | Place    | Note
-------+----------+-------------------------------------------
     0 | D:1      | Error4North the Draconian Shapeshifter began the quest for
                  | the Orb.
     0 | D:1      | Reached XP level 1. HP: 16/16 MP: 1/1
   182 | D:1      | Reached XP level 2. HP: 22/23 MP: 2/2
   967 | D:2      | Reached XP level 3. HP: 24/28 MP: 3/3
  2224 | D:3      | Found a broken altar of Ashenzari.
  2301 | D:3      | Reached XP level 4. HP: 36/36 MP: 4/4
  2478 | D:3      | Found a blossoming altar of Fedhas.
  2880 | D:3      | Reached XP level 5. HP: 41/41 MP: 5/5
  3008 | D:3      | Found a sacrificial altar of Ru.
  3010 | D:3      | Found an iron altar of Okawaru.
  3073 | D:3      | Found a faded altar of an unknown god.
  3187 | D:4      | Learned a level 1 spell: Sandblast
  3369 | D:4      | Found a shadowy altar of Dithmenos.
  3385 | D:4      | Noticed a lemure
  3385 | D:4      | Noticed a lemure
  3412 | D:4      | Killed a lemure
  3426 | D:4      | Killed a lemure
  3493 | D:4      | Reached skill level 1 in Stealth
  3538 | D:4      | Found the +7 staff of the Meek {protect, meekguard}
  3590 | D:4      | Noticed a black bear
  3696 | D:4      | Reached XP level 6. HP: 35/50 MP: 3/6
  4008 | D:4      | Noticed Pikel
  4031 | D:4      | Gained mutation: Your spells are a little harder to cast,
                  | but a little more powerful. [potion of mutation]
  4031 | D:4      | Gained mutation: Your muscles are strong. (Str +4, Int/Dex
                  | -1) [potion of mutation]
  4032 | D:4      | HP: 1/50 [Pikel/+1 whip of flaming (2)]
  4036 | D:4      | Mangled by Pikel

Illustrated notes

Levels and vault maps discovered:
D:1:      nzn_arrival_depleted_hourglass, layout_loops_corners,
          minmay_rat_gold_closets
D:2:      layout_basic, grunt_ministairs_10, minmay_puff
D:3:      layout_basic, mainiacjoe_overflow_concentric_impassable,
          nicolae_overflow_hidden_temple, ebering_ecumenical_altar_hall
D:4:      layout_layer_cave, grunt_dithmenos_smoke_and_mirrors,
          general_overflow_altar, grunt_ministairs_6, pf_guarded_unrand_meek,
          uniq_pikel

Skill      XL: |  1  2  3  4  5 |
---------------+----------------+-----
Dodging        | 2 3 |  3.2
Unarmed Combat | 4 |  4.8
Fighting       | 2 |  2.9
Stealth        | 1 |  1.4
Shapeshifting  | 4 |  4.2
Spellcasting   | |  0.5
Earth Magic    | |  0.3

Action                     |  1- 3 |  4- 6 || total
---------------------------+-------+-------++-------
  Melee: Unarmed           |   122 |   157 ||   279
         Tailslap          |    11 |    22 ||    33
         Punch             |     2 |     4 ||     6
   Cast: Sandblast         |       |     3 ||     3
    Use: Potion            |       |     9 ||     9
   Stab: Sleeping          |     4 |     4 ||     8
 Armour: Skin              |    49 |   113 ||   162
  Dodge: Dodged            |    62 |    89 ||   151

Table legend: (Time is in decaauts)
 A = Elapsed time spent in this place.
 B = Non-inter-level travel time spent in this place.
 C = Inter-level travel time spent in this place.
 D = Time resting spent in this place.
 E = Time spent auto-exploring this place.
 F = Levels seen in this place.
 G = Mean time per level.
                   A        B        C        D        E       F      G
               +--------+--------+--------+--------+--------+-----+--------+
         Total |   4019 |   3925 |     94 |      0 |   3125 |   4 | 1004.8 |
       Dungeon |   4019 |   3925 |     94 |      0 |   3125 |   4 | 1004.8 |
               +--------+--------+--------+--------+--------+-----+--------+

Top non-repeatable levels by time:
     D:2: 1224 daAuts
     D:1: 958 daAuts
     D:3: 922 daAuts
     D:4: 914 daAuts
